Map: Distant Plane

Players

Musumeci - Winner!

  • Race: Zerg Zerg
  • League: Diamond
  • Spawn Location: 1:00

MichyMoko - Winner!

  • Race: Zerg Zerg
  • Spawn Location: 1:00

Muttibaer

  • Race: Protoss Protoss
  • League: Diamond
  • Spawn Location: 5:00

robunit

  • Race: Zerg Zerg
  • League: Platinum
  • Spawn Location: 5:00

VOD

Have the link to the VOD?

Description

Time

  • Played on: March 19, 2017, 8:57 a.m.
  • Length: 25:06
Show
View Real Time Build Order
Export as new Build Order

Musumeci Zerg - Winner!

Build Orders: Pool First 

Get SALT Encoding   

  12  0:01  Drone  
  13  0:10  Drone  
  14  0:17  Extractor  
  14  0:18  Drone  
  15  0:23  Overlord  
  15  0:41  Drone x2  
  17  0:46  Extractor  
  16  0:50  Spawning Pool  
  16  0:53  Drone  
  16  1:01  Drone  
  17  1:15  Drone  
  18  1:30  Drone x2, Extractor  
  19  1:37  Drone  
  19  1:38  Extractor  
  19  2:12  Queen, Metabolic Boost  
  21  2:16  Hatchery  
  21  2:20  Zergling x4  
  22  2:24  Overlord  
  22  2:40  Zergling x2, Baneling Nest  
  22  2:48  Drone  
  22  2:50  Queen  
  25  2:54  Zergling x2  
  27  3:05  Drone  
  27  3:21  Drone x2  
  27  3:22  Drone  
  30  3:36  Drone x3  
  33  3:44  Lair  
  33  3:45  Drone x2  
  35  3:51  Drone, Extractor  
  35  3:52  Drone, Evolution Chamber  
  35  4:00  Drone  
  36  4:15  Overlord  
  36  4:16  Overlord x2  
  36  4:18  Zerg Melee Weapons Level 1  
  36  4:37  Hatchery  
  35  4:41  Drone  
  35  4:42  Drone x5  
  35  4:43  Overseer  
  41  4:47  Spore Crawler  
  41  4:51  Spore Crawler  
  39  5:20  Roach Warren  
  38  5:23  Zergling x12  
  44  5:30  Overlord x2, Extractor  
  44  5:31  Overlord  
  44  5:35  Drone  
  44  6:02  Roach  
  44  6:03  Roach x8  
  61  6:08  Drone x2  
  63  6:13  Roach x2  
  63  6:16  Baneling x2  
  63  6:18  Baneling x2  
  67  6:24  Ravager x4  
  70  6:34  Ravager  
  71  6:46  Roach x5  
  64  6:55  Glial Reconstitution  
  64  6:58  Overseer  
  62  7:23  Queen  
  64  7:31  Hatchery  
  64  7:34  Roach  
  64  7:35  Roach  
  64  7:36  Overlord x2  
  64  7:37  Overlord x2  
  67  7:45  Extractor  
  67  7:47  Drone x2  
  67  7:48  Extractor  
  67  7:49  Drone  
  67  8:10  Drone  
  67  8:11  Drone x3  
  71  8:17  Roach x6  
  83  8:24  Roach x2  
  64  8:41  Lair  
  64  8:46  Drone x6  
  70  9:06  Drone  
  70  9:07  Drone x6  
  77  9:13  Queen  
  79  9:19  Spine Crawler  
  79  9:22  Ravager x5  
  83  9:24  Ravager  
  83  9:29  Drone x3  
  83  9:30  Drone  
  88  9:32  Zergling x4  
  90  9:39  Zerg Melee Weapons Level 2  
  90  9:44  Drone x3, Extractor  
  93  10:06  Baneling x2  
  81  10:17  Roach x12  
  98  10:32  Overseer x2  
  98  10:40  Roach, Ravager x2  
  102  11:01  Roach x2  
  102  11:02  Overlord  
  102  11:03  Overlord x6  
  104  11:22  Zergling x6  
  104  11:23  Zergling x10  
  112  11:30  Roach x4  
  118  11:41  Hydralisk Den  
  91  12:09  Hydralisk x13  
  91  12:10  Hydralisk  
  116  12:18  Drone  
  116  12:19  Drone  
  87  12:51  Drone x9  
  81  13:07  Drone  
  81  13:08  Drone x2  
  84  13:12  Spore Crawler  
  84  13:17  Spore Crawler  
  82  13:21  Drone x7  
  81  13:48  Queen  
  72  13:56  Overlord  
  72  13:57  Overlord x2  
  72  14:05  Overlord x3  
  72  14:12  Hydralisk Den  
  71  14:34  Spawning Pool  
  70  15:00  Muscular Augments  
  70  15:26  Spore Crawler  
  70  15:27  Spore Crawler  
  70  15:28  Queen, Spore Crawler  
  68  15:29  Spore Crawler  
  68  15:34  Spore Crawler x2  
  66  15:38  Spore Crawler  
  66  15:39  Queen  
  66  15:42  Drone  
  68  15:43  Drone x5  
  68  15:45  Roach  
  68  15:46  Roach x12  
  99  15:53  Zerg Missile Weapons Level 1  
  99  15:59  Spore Crawler  
  99  16:04  Roach x2  
  100  16:06  Ravager  
  100  16:07  Ravager  
  100  16:08  Ravager  
  100  16:10  Ravager  
  106  16:12  Drone  
  106  16:14  Drone  
  108  16:32  Spore Crawler  
  107  16:33  Ravager x2  
  107  16:34  Ravager x5  
  107  16:36  Overlord x2  
  114  16:48  Overlord x4  
  114  16:54  Drone x4  
  114  16:55  Drone  
  119  17:01  Zergling x2  
  120  17:32  Hatchery  
  119  17:43  Roach x15  
  120  17:54  Roach x3  
  83  18:14  Overseer x2  
  83  18:23  Zergling x20  
  93  18:34  Pneumatized Carapace  
  93  18:41  Extractor  
  92  18:42  Extractor  
  82  19:29  Zergling x16  
  89  19:39  Roach x5  
  89  19:40  Roach x6  
  89  19:51  Hydralisk x2  
  69  20:09  Overseer  
  69  20:15  Drone x3, Extractor  
  69  20:17  Drone x2  
  73  20:24  Drone x2  
  75  20:41  Baneling  
  75  20:42  Baneling  
  74  20:47  Hydralisk x2  
  70  21:14  Hydralisk x4  
  70  21:16  Drone x3  
  81  21:36  Roach  
  81  21:37  Roach  
  66  22:05  Zergling x2  
  66  22:06  Zergling x24  
  65  22:31  Overseer  
  65  22:33  Overseer  
  65  22:38  Baneling  
  65  22:39  Baneling x3  
  65  22:44  Hatchery  
  64  22:55  Baneling x3  
  64  22:56  Baneling  
  64  23:01  Roach x12  
  88  23:19  Baneling  
  84  23:20  Baneling x4  
  84  23:21  Roach x4  
  84  23:22  Roach x2  
  92  23:56  Roach x11  
  105  24:17  Zergling x2  
  105  24:18  Zergling x14  
  97  24:42  Roach x7  
Show
View Real Time Build Order
Export as new Build Order

MichyMoko Zerg - Winner!

Build Orders: Hatch First 

Get SALT Encoding   

  12  0:01  Drone  
  13  0:12  Overlord  
  13  0:17  Drone  
  14  0:31  Drone x2  
  14  0:35  Drone  
  17  1:00  Hatchery  
  16  1:04  Drone  
  17  1:13  Spawning Pool  
  17  1:14  Drone  
  17  1:29  Extractor  
  17  1:30  Drone x2  
  18  1:37  Drone  
  19  2:00  Drone x2  
  21  2:07  Drone  
  22  2:11  Queen  
  24  2:19  Queen  
  26  2:24  Overlord  
  26  2:34  Overlord x2  
  26  2:39  Zergling x2  
  26  2:40  Zergling x2  
  26  2:42  Drone  
  29  2:49  Roach Warren  
  28  2:54  Drone x2  
  28  2:55  Drone  
  28  2:57  Queen  
  33  3:02  Drone  
  34  3:12  Metabolic Boost  
  34  3:15  Drone x2  
  34  3:18  Drone  
  34  3:19  Drone  
  38  3:20  Zergling x2  
  38  3:25  Drone, Zergling x2  
  41  3:32  Drone x2  
  41  3:33  Drone  
  43  3:49  Extractor  
  43  3:52  Roach  
  43  3:53  Roach x3  
  50  3:57  Overlord x2  
  50  4:09  Drone  
  51  4:11  Overlord  
  51  4:17  Drone  
  51  4:18  Drone x3  
  55  4:26  Extractor  
  55  4:27  Extractor  
  53  4:35  Lair  
  53  4:39  Overlord  
  53  4:40  Roach x4  
  53  4:45  Evolution Chamber  
  60  4:46  Evolution Chamber  
  59  4:55  Drone x4  
  59  4:56  Overlord  
  59  4:57  Roach, Ravager  
  66  5:02  Ravager  
  67  5:10  Spore Crawler  
  67  5:13  Spore Crawler  
  65  5:26  Roach  
  65  5:27  Roach x4  
  65  5:28  Overlord  
  75  5:34  Ravager x2  
  77  5:38  Overseer  
  77  5:50  Zerg Missile Weapons Level 1  
  77  5:55  Zerg Ground Armor Level 1  
  78  6:04  Ravager  
  78  6:06  Zergling x6  
  78  6:07  Zergling x4  
  78  6:08  Roach x2  
  87  6:14  Ravager  
  81  6:41  Roach x7  
  81  6:42  Roach x2  
  97  6:48  Roach  
  98  7:47  Hatchery  
  97  7:52  Ravager x3  
  86  8:39  Roach x9  
  100  8:43  Overseer x2  
  101  9:03  Ravager  
  101  9:05  Ravager  
  102  9:17  Zerg Missile Weapons Level 2, Zerg Ground Armor Level 2  
  102  9:19  Glial Reconstitution  
  102  9:27  Overseer  
  102  9:31  Roach x2  
  104  9:32  Overlord x4  
  104  9:33  Overlord  
  106  9:47  Hydralisk Den  
  93  10:22  Roach  
  93  10:23  Roach x16  
  119  10:30  Roach  
  119  10:31  Roach x12  
  145  10:40  Ravager  
  146  10:43  Overlord  
  146  10:44  Overlord x4  
  75  11:18  Roach x8  
  76  11:28  Drone x2  
  76  11:29  Drone  
  79  11:33  Ravager x4  
  79  11:39  Hydralisk  
  85  11:45  Spore Crawler  
  84  11:52  Hydralisk  
  84  11:53  Hydralisk x6  
  98  11:58  Hydralisk  
  97  12:32  Hydralisk x7  
  110  12:42  Hydralisk x2  
  114  13:11  Muscular Augments  
  114  13:17  Infestation Pit  
  113  13:25  Hydralisk x3  
  119  13:49  Ravager x3  
  119  13:50  Hydralisk, Ravager  
  119  13:51  Hydralisk x2  
  129  14:14  Drone  
  129  14:15  Drone x4  
  85  15:14  Hydralisk  
  85  15:15  Hydralisk x13  
  111  15:27  Queen  
  113  15:33  Queen  
  115  15:55  Hydralisk  
  115  15:56  Extractor, Hydralisk x3  
  122  15:58  Extractor  
  122  16:01  Ravager x5  
  126  16:04  Hatchery  
  125  16:37  Spore Crawler  
  124  16:42  Spore Crawler  
  124  16:43  Spore Crawler  
  122  16:59  Extractor  
  121  17:16  Hatchery  
  66  18:09  Hydralisk x9  
  66  18:10  Hydralisk x3  
  73  18:40  Hatchery  
  72  18:42  Roach x4  
  72  18:43  Roach  
  82  19:04  Hydralisk  
  82  19:05  Hydralisk  
  86  19:25  Hive  
  86  19:26  Extractor  
  86  19:29  Extractor  
  84  19:33  Queen  
  84  19:36  Roach  
  84  19:37  Roach  
  78  19:53  Hydralisk  
  78  19:54  Hydralisk  
  69  20:10  Overseer  
  67  20:34  Zergling x2  
  67  20:35  Zergling x36  
  79  20:36  Zergling x16  
  94  20:45  Drone x3  
  96  21:30  Roach  
  96  21:31  Roach x9  
  102  22:17  Zergling x20  
  112  22:43  Roach  
  114  22:45  Ravager x2  
  116  23:03  Roach  
  116  23:04  Roach  
  120  23:10  Roach x2  
  120  23:12  Ravager  
  113  23:42  Roach  
  113  23:43  Roach x6  
  115  24:05  Roach  
  115  24:06  Roach x4  
  115  24:18  Roach  
  115  24:19  Roach  
Show
View Real Time Build Order
Export as new Build Order

Muttibaer Protoss 

Build Orders: 1 Gate Expand 

Get SALT Encoding   

  12  0:01  Probe (Chrono Boost)  
  13  0:11  Probe (Chrono Boost)  
  14  0:24  Pylon, Probe (Chrono Boost)  
  16  0:42  Gateway  
  16  0:43  Probe (Chrono Boost)  
  16  0:52  Assimilator  
  16  0:53  Probe (Chrono Boost)  
  17  1:04  Probe (Chrono Boost)  
  18  1:14  Probe (Chrono Boost)  
  19  1:28  Nexus  
  19  1:31  Probe (Chrono Boost)  
  20  1:44  Cybernetics Core  
  20  1:54  Probe (Chrono Boost)  
  21  1:59  Assimilator  
  21  2:04  Pylon  
  20  2:15  Probe (Chrono Boost)  
  21  2:17  Stalker  
  23  2:23  Warp Gate  
  23  2:27  Probe (Chrono Boost)  
  24  2:39  Probe (Chrono Boost)  
  24  2:41  Probe (Chrono Boost)  
  28  2:53  Mothership Core (Chrono Boost)  
  28  2:59  Pylon  
  28  3:01  Probe (Chrono Boost)  
  30  3:13  Probe (Chrono Boost)  
  30  3:23  Twilight Council  
  30  3:32  Robotics Facility  
  30  3:43  Probe (Chrono Boost)  
  30  3:45  Probe (Chrono Boost)  
  32  3:50  Pylon  
  33  3:57  Probe (Chrono Boost)  
  33  4:03  Gateway  
  33  4:07  Pylon  
  33  4:15  Probe (Chrono Boost)  
  34  4:19  Dark Shrine  
  34  4:21  Gateway x2  
  34  4:24  Gateway, Probe (Chrono Boost)  
  35  4:25  Probe (Chrono Boost)  
  35  4:26  Assimilator  
  35  4:27  Pylon  
  35  4:30  Assimilator  
  36  4:34  Probe (Chrono Boost)  
  37  4:57  Stalker  
  39  5:11  Warp Prism  
  43  5:17  Stalker x2  
  43  5:19  Blink  
  47  5:22  Probe x2 (Chrono Boost)  
  49  5:29  Pylon  
  49  5:32  Pylon, Probe x2 (Chrono Boost)  
  49  5:43  Probe x2 (Chrono Boost)  
  49  5:46  Stalker x3  
  49  5:47  Stalker x2  
  61  6:06  Probe (Chrono Boost)  
  61  6:07  Probe (Chrono Boost)  
  63  6:12  Pylon  
  63  6:16  Immortal  
  63  6:17  Probe x2 (Chrono Boost)  
  69  6:30  Dark Templar  
  69  6:31  Dark Templar x3  
  59  6:56  Probe x2 (Chrono Boost)  
  59  6:59  Immortal  
  61  7:16  Stalker x4  
  69  7:24  Gateway  
  69  7:26  Gateway  
  69  7:27  Gateway  
  69  7:29  Gateway  
  69  7:44  Sentry x3  
  69  7:48  Nexus  
  75  7:51  Pylon  
  75  7:53  Pylon  
  75  8:04  Stalker  
  77  8:10  Stalker x3  
  72  8:40  Stalker x4  
  76  8:47  Probe (Chrono Boost)  
  76  8:48  Probe (Chrono Boost)  
  78  8:49  Immortal  
  82  8:58  Probe (Chrono Boost)  
  82  9:00  Probe (Chrono Boost)  
  82  9:01  Forge  
  84  9:02  Stalker  
  84  9:03  Stalker x2, Forge  
  84  9:05  Sentry  
  84  9:06  Sentry  
  84  9:09  Probe (Chrono Boost)  
  95  9:18  Assimilator  
  95  9:22  Assimilator  
  95  9:23  Immortal  
  95  9:28  Sentry x4  
  107  9:40  Stalker x3  
  113  10:00  Stalker x2  
  113  10:01  Stalker x2  
  85  10:24  Stalker x3  
  85  10:26  Stalker x3  
  90  10:32  Probe (Chrono Boost)  
  90  10:33  Probe (Chrono Boost)  
  90  10:34  Probe (Chrono Boost)  
  91  10:43  Probe (Chrono Boost)  
  91  10:47  Stalker x4  
  66  11:15  Stalker x4  
  66  11:16  Stalker x2  
  66  11:17  Zealot  
  66  11:18  Zealot  
  62  11:20  Immortal  
  66  11:41  Stalker x2  
  66  11:42  Stalker x4  
  78  11:56  Stalker  
  78  11:57  Stalker  
  80  12:19  Stalker x6  
  80  12:20  Stalker x2  
  94  12:24  Protoss Ground Weapons Level 1  
  94  12:25  Protoss Ground Armor Level 1  
  94  12:28  Probe (Chrono Boost)  
  96  12:30  Probe (Chrono Boost)  
  79  12:44  Stalker x2  
  79  12:45  Stalker  
  81  13:07  Stalker  
  81  13:08  Sentry x2  
  87  13:18  Probe x2 (Chrono Boost)  
  87  13:19  Probe (Chrono Boost)  
  90  13:28  Probe (Chrono Boost)  
  90  13:29  Probe (Chrono Boost)  
  90  13:41  Sentry x3  
  90  13:42  Stalker x2  
  98  13:51  Probe (Chrono Boost)  
  98  13:53  Probe (Chrono Boost)  
  100  13:58  Probe (Chrono Boost)  
  100  14:01  Probe (Chrono Boost)  
  102  14:05  Probe (Chrono Boost)  
  101  14:33  Stalker x5  
  101  14:34  Stalker x2  
  103  14:49  Stalker  
  99  15:23  Nexus  
  99  15:25  Pylon  
  99  15:28  Pylon, Dark Templar x7  
  107  15:31  Sentry  
  107  15:32  Protoss Ground Weapons Level 2  
  107  15:34  Archon  
  107  15:35  Archon x2  
  115  15:54  Immortal  
  115  16:02  Stalker x4  
  127  16:20  Templar Archives  
  127  16:22  Pylon  
  127  16:25  Pylon  
  127  16:41  Probe (Chrono Boost)  
  127  16:42  Probe x2 (Chrono Boost)  
  127  16:43  Probe (Chrono Boost)  
  127  16:44  Assimilator  
  131  16:48  Assimilator  
  131  16:58  Nexus  
  131  16:59  High Templar  
  131  17:00  High Templar x2  
  131  17:01  Pylon  
  137  17:03  Pylon  
  137  17:07  Psionic Storm  
  137  17:13  Probe (Chrono Boost)  
  137  17:14  Probe x2 (Chrono Boost), Protoss Ground Armor Level 2  
  137  17:15  Probe (Chrono Boost)  
  141  17:21  Gateway  
  141  17:23  Gateway  
  141  17:26  Gateway, Probe (Chrono Boost)  
  142  17:31  Pylon  
  142  17:33  Pylon  
  142  17:34  Pylon  
  142  17:39  Stalker x4  
  87  18:00  Dark Templar x2  
  87  18:02  Stalker  
  73  18:10  Zealot x4  
  73  18:11  Zealot  
  73  18:27  Probe x2 (Chrono Boost)  
  75  18:31  Stalker x3  
  75  18:32  Stalker  
  83  18:42  High Templar x4  
  83  18:45  Immortal  
  95  19:03  Archon  
  95  19:06  High Templar  
  97  19:10  Zealot x4  
  99  19:45  Archon  
  89  19:46  Stalker x3  
  89  19:50  Nexus  
  81  19:57  Dark Templar x3  
  64  20:08  Stalker  
  64  20:09  Stalker  
  68  20:26  Nexus  
  68  20:40  Zealot x3  
  68  20:41  Sentry  
  76  20:49  Sentry x3  
  82  21:17  Zealot  
  82  21:18  Zealot x5  
  89  21:38  Zealot x2  
  89  21:39  Zealot x2  
  97  21:42  Sentry x2  
  97  21:45  Charge  
  103  21:47  Mothership Core (Chrono Boost)  
  99  22:19  Stalker x2  
  103  22:29  Assimilator  
  103  22:31  Assimilator  
  103  22:42  Zealot x5  
  103  22:43  Zealot x3  
  119  22:54  Stalker x2  
  123  23:10  Stalker x4  
  129  23:21  Zealot x3  
  124  24:01  Stalker x4  
  124  24:02  Stalker x3  
  76  24:18  Mothership Core (Chrono Boost)  
  76  24:19  Dark Templar  
  76  24:20  Dark Templar x2  
  74  24:33  Stalker x2  
Show
View Real Time Build Order
Export as new Build Order

robunit Zerg 

Build Orders: Pool First 

Get SALT Encoding   

  12  0:02  Drone  
  13  0:13  Overlord  
  13  0:18  Drone  
  14  0:36  Drone x3  
  14  0:41  Extractor  
  16  0:57  Spawning Pool  
  15  1:24  Hatchery  
  14  2:09  Drone x3  
  14  2:13  Extractor  
  17  2:25  Metabolic Boost  
  17  2:26  Queen  
  19  2:33  Roach Warren  
  19  2:36  Drone x2, Extractor  
  19  2:37  Drone  
  20  2:45  Queen  
  22  3:03  Zergling x2  
  22  3:04  Zergling x6  
  26  3:20  Roach  
  26  3:21  Overlord  
  28  3:44  Drone  
  28  3:45  Drone x5  
  34  3:53  Evolution Chamber  
  33  4:17  Drone x3  
  33  4:20  Overlord x2  
  36  4:27  Zerg Ground Armor Level 1  
  36  4:43  Roach x3  
  42  5:14  Lair  
  42  5:19  Ravager x4  
  42  5:21  Roach x3  
  52  5:22  Overlord x2  
  52  5:55  Roach x2  
  52  5:56  Roach x6  
  68  6:15  Spire  
  50  7:03  Ravager x4  
  54  7:10  Extractor  
  54  7:11  Extractor  
  54  7:13  Zergling x6  
  54  7:14  Zergling x16  
  54  7:15  Zergling x8  
  67  7:28  Hatchery  
  66  7:30  Drone x2  
  68  7:44  Overlord x3  
  66  8:07  Roach x4  
  66  8:08  Roach  
  75  8:22  Unknown  
  63  8:42  Drone x8  
  71  8:53  Overlord  
  71  8:55  Drone  
  72  9:05  Drone x2  
  72  9:07  Drone  
  75  9:10  Drone  
  75  9:12  Drone  
  75  9:15  Drone  
  78  9:18  Drone  
  78  9:21  Drone  
  80  9:53  Hatchery  
  80  9:59  Mutalisk x2  
  79  10:00  Mutalisk x3  
  79  10:01  Mutalisk  
  91  10:33  Mutalisk x7  
  85  11:21  Mutalisk x6  
  85  11:22  Mutalisk x6  
  84  13:06  Mutalisk x4  
  84  13:07  Mutalisk x6  
  98  13:54  Mutalisk x6  
  106  14:16  Overlord x6  
  96  15:18  Hatchery  
  96  15:21  Hatchery  
  86  15:25  Mutalisk x5  
  86  15:26  Mutalisk x2  
  100  16:34  Zerg Flyer Weapons Level 1  
  100  16:42  Extractor  
  100  16:44  Extractor  
  98  16:55  Drone x3  
  98  16:56  Drone x2  
  103  17:03  Overlord  
  103  17:04  Zergling x10  
  103  17:05  Zergling x16  
  103  17:06  Zergling x4  
  118  17:27  Overseer  
  118  17:32  Zergling x6  
  118  17:33  Zergling x8  
  94  17:56  Zergling x2  
  94  17:57  Zergling x16  
  56  18:10  Zergling x2  
  56  18:11  Zergling x16  
  56  18:12  Zergling x4  
  63  18:29  Zerg Melee Weapons Level 1  
  63  18:39  Zergling x14  
  63  18:40  Zergling x6  
  73  18:44  Infestation Pit  
  72  18:49  Zergling x8  
  72  18:50  Zergling x2  
  72  18:53  Drone x4  
  72  18:54  Drone  
  82  19:27  Zergling x2  
  82  19:28  Zergling x16  
  82  19:29  Zergling x2  
  92  19:39  Hive  
  69  19:55  Zergling x8  
  69  19:56  Zergling x16  
  69  19:57  Zergling x4  
  66  20:18  Zergling x10  
  66  20:19  Zergling x14  
  67  20:56  Drone x6  
  67  20:57  Drone x2  
  72  21:17  Zergling x12  
  72  21:18  Zergling x16  
  81  21:19  Zergling x2  
  85  21:34  Infestor x5  
  85  21:35  Infestor x3  
  85  21:39  Burrow  
  101  21:40  Pathogen Glands  
  81  22:10  Adrenal Glands  
  81  22:13  Zergling x14  
  81  22:14  Zergling x12  
  89  22:49  Zergling x6  
  89  22:50  Zergling x14  
  89  22:51  Zergling x12  
  105  23:26  Unknown  
  79  24:21  Zergling x4  
  79  24:22  Zergling x14  
  79  24:23  Roach x5  
Tags
 
Add a new tag
Caveats
  • Supply blocks, unpowered buildings, or Contaminate may cause inaccurate times.
  • Supply counts are checked every 10 seconds.